[Event "Early-Titled-Tuesday-Blitz-July-09-2024"]
[Site "Chess.com"]
[Date "2024.07.09"]
[Round "3"]
[White "Sam_ChessMood"]
[Black "quvnoq_muxlis"]
[Result "1-0"]
[WhiteElo "2930"]
[BlackElo "2708"]
[TimeControl "180+1"]
[EndTime "8:30:36 PDT"]
[Termination "Sam_ChessMood won by resignation"]

1. d4 d6 2. e4 Nf6 3. Nc3 e5 4. Nf3 exd4 5. Nxd4 g6 6. Be3 Bg7 7. Qd2 O-O 8. O-O-O Nc6 9. f3 Re8 10. Kb1 d5 11.
Bb5 Qd7 12. exd5 Nxd5 13. Nxd5 Qxd5 14. Ba4 Rxe3 15. Qxe3 Nxd4 16. Qe8+ Bf8 17. Bb3 Bf5 18. Qxa8 Qc5 19. Rxd4 Qxd4 20. Qe8 Qf6 21. Re1 Kg7 22. Qe5 Qxe5 23. Rxe5 Bd7 24. Re2 Bd6 25. h3 h5 26.
c3 Kf6 27. Bc2 Bb5 28. Re1 Bg3 29. Rd1 Bd6 30. a4 Bc4 31. b3 Be6 32. Kb2 Kg5 33.
Be4 b6 34. Bd5 Bxd5 35. Rxd5+ Kf4 36. b4 Kg3 37. Rd2 Kf4 38. Re2 g5 39. Kb3 f5 40.
Kc4 c6 41. b5 cxb5+ 42. axb5 Bc5 43. Kd5 Kg3 44. Ke5 g4 45. fxg4 fxg4 46. hxg4 hxg4 47.
Kf5 Bf2 48. Ra2 Bc5 49. c4 Bg1 50. Rxa7 Kxg2 51. Kxg4 Kf2 52. Kf4 Ke2 53. Ke4 Kd2 54.
Kd5 Kc3 55. Rg7 Bc5 56. Rg3+ Kb4 57. Rg6 Bg1 58. Rxg1 1-0

[Event "Early-Titled-Tuesday-Blitz-July-09-2024"]
[Site "Chess.com"]
[Date "2024.07.09"]
[Round "3"]
[White "ChessSwole"]
[Black "Vaathi_Coming"]
[Result "0-1"]
[WhiteElo "2703"]
[BlackElo "2914"]
[TimeControl "180+1"]
[EndTime "8:30:36 PDT"]
[Termination "Vaathi_Coming won by resignation"]

1. d4 Nf6 2. Bg5 d5 3. Nd2 e6 4. e3 Be7 5. c3 O-O 6. Bd3 Nbd7 7. f4 b6 8. Ngf3 Bb7 9. Qb1 h6 10. Bh4 Ng4 11. Bxe7 Qxe7 12. Nf1 f5 13. h3 Ngf6 14. N1d2 Ne4 15. O-O c5 16. Qe1 g5 17. Ne5 Nxe5 18. fxe5 h5 19. Nxe4 dxe4 20. Be2 h4 21. Kh1 Kg7 22. a4 a5 23. Bc4 Rad8 24. Rb1 f4 25. b4 axb4 26. dxc5 Qxc5 27. Rxb4 fxe3 28. Rxf8 Rxf8 29.
a5 Bd5 30. Bxd5 Qxd5 31. Qxe3 Rf1+ 32. Kh2 Qxe5+ 33. g3 Rf3 34. Qd4 Qxd4 35. Rxd4 hxg3+ 36. Kg2 bxa5 37. Rxe4 Rxc3 38. Re5 a4 39. Rxg5+ Kf6 40. Ra5 a3 41. h4 e5 42. Kh3 Kf5 43. h5 Kf4 44. h6 Rc6 45. Ra4+ e4 46. Rxa3 Rxh6+ 47.
Kg2 Rh2+ 48. Kg1 Rb2 49. Rc3 e3 50. Rc8 Rb1+ 51. Kg2 Rb2+ 52. Kg1 e2 53. Re8 Rb1+ 54. Kg2 e1=Q 0-1

[Event "Early-Titled-Tuesday-Blitz-July-09-2024"]
[Site "Chess.com"]
[Date "2024.07.09"]
[Round "3"]
[White "JoliyRoger"]
[Black "arctic_t00"]
[Result "0-1"]
[WhiteElo "2427"]
[BlackElo "2651"]
[TimeControl "180+1"]
[EndTime "8:30:39 PDT"]
[Termination "arctic_t00 won on time"]

1. d4 Nf6 2. c4 e6 3. Nc3 d5 4. Nf3 c6 5. cxd5 exd5 6. Bg5 Be7 7. Bxf6 Bxf6 8. e3 O-O 9. Bd3 Re8 10. Qc2 h6 11. h3 a5 12. O-O Na6 13. a3 Nc7 14.
Rab1 Ne6 15. Ne2 Ng5 16. Nxg5 hxg5 17. Bf5 g6 18. Bxc8 Rxc8 19. Nc1 Be7 20. Nd3 Bd6 21.
Qd1 Kg7 22. Qf3 Qe7 23. Rfe1 f5 24. g4 Rf8 25. Qg2 Qe4 26. Rbd1 Rf7 27. f3 Qe7 28.
Rd2 Rcf8 29. Rf2 Qf6 30. Ree2 a4 31. Rc2 f4 32. exf4 Qxd4 33. Rd2 gxf4 34. Kf1 Re8 35. Rfe2 Re3 36. Ne1 Qe5 37. Nc2 Rxe2 38. Qxe2 Qxb2 39. Kg2 Re7 40. Qd1 Qe5 41. Nd4 Bxa3 42. Re2 Qf6 43.
Rxe7+ Bxe7 44. Qxa4 Qe5 45. Qd1 Bf6 46. Ne2 d4 47.
Nc1 c5 48. Nd3 Qd6 49. Nb2 b5 50. h4 c4 0-1

[Event "Early-Titled-Tuesday-Blitz-July-09-2024"]
[Site "Chess.com"]
[Date "2024.07.09"]
[Round "3"]
[White "MatthewG-p4p"]
[Black "theoneandonlydaaevik"]
[Result "0-1"]
[WhiteElo "2910"]
[BlackElo "2636"]
[TimeControl "180+1"]
[EndTime "8:30:40 PDT"]
[Termination "theoneandonlydaaevik won by checkmate"]

1. e4 c6 2. d4 d5 3. exd5 cxd5 4.
Bd3 Nc6 5. c3 Qc7 6. h3 e5 7.
dxe5 Nxe5 8. Bc2 Nf6 9. Nf3 Bd6 10. O-O O-O 11. Re1 h6 12. Nxe5 Bxe5 13. Nd2 Bd6 14. Nf3 Bd7 15. Be3 Rfe8 16. Qd3 a6 17. Rad1 Bb5 18.
Qd2 Rad8 19. a4 Bc6 20. Qd3 Ne4 21. Bd4 b5 22. Ra1 Qb7 23. a5 b4 24. Bb6 bxc3 25. bxc3 Bb5 26. Qd4 Rc8 27. Bxe4 dxe4 28. Qxd6 exf3 29.
Bd4 f6 30. Qg3 fxg2 31. Bxf6 Qf7 32. Bd4 Bc6 33. Rab1 g6 34. Re5 Rxe5 35. Qxe5 Kh7 36. Qd6 Be4 37. Re1 Re8 38. f3 Bf5 39. Rxe8 Qxe8 40.
Qc7+ Bd7 41. Be5 Qe6 42. Kxg2 Qxh3+ 43. Kf2 Qe6 44. Bd4 Qa2+ 45. Kg3 Qe6 46. Qb8 Qh3+ 47.
Kf2 g5 48. Qh8+ Kg6 49. Qg7+ Kh5 50. Be5 Qf5 51. Qe7 Qc2+ 52. Kg3 Qf5 53. Qd6 Qh3+ 54.
Kf2 Qf5 55. Bg7 Be6 56. Qh2+ Kg6 57. Bd4 h5 58. Qc7 Qc2+ 59. Kg3 h4# 0-1

[Event "Early-Titled-Tuesday-Blitz-July-09-2024"]
[Site "Chess.com"]
[Date "2024.07.09"]
[Round "3"]
[White "Suleyman_Chess06"]
[Black "Shield12"]
[Result "1-0"]
[WhiteElo "2746"]
[BlackElo "2976"]
[TimeControl "180+1"]
[EndTime "8:30:42 PDT"]
[Termination "Suleyman_Chess06 won on time"]

1. Nf3 c5 2. g3 g6 3. c4 Bg7 4. Bg2 Nc6 5. Nc3 e6 6. d3 Nge7 7. Bg5 h6 8. Be3 b6 9. h4 Bb7 10. h5 g5 11. Ne4 d5 12. Nexg5 hxg5 13. Bxg5 Bxb2 14. h6 f6 15. Bd2 Bxa1 16. Qxa1 d4 17. Bf4 Ng6 18. Qc1 Qe7 19. Nh4 Nxf4 20. Qxf4 Ne5 21.
Bxb7 Qxb7 22. Qxf6 Qxh1+ 23. Kd2 Rxh6 24. Qxh6 O-O-O 25. Qxe6+ Nd7 26. Nf5 a6 27. f3 Kb7 28. Qd5+ Ka7 29.
Qc6 Rb8 30. Qxd7+ Rb7 31. Qc6 Qb1 32. Nd6 Qxa2+ 33. Ke1 Qb1+ 34. Kf2 Rh7 35. Nc8+ Kb8 36. Qxb6+ Qxb6 37. Nxb6 Kc7 38. Na4 Kd6 39. g4 Rb7 40. g5 Rc7 41. f4 Ke6 42. Kf3 Kf5 43. e4+ dxe3 44. Kxe3 a5 45. Kf3 Rc6 46. Ke3 Re6+ 47. Kf3 Rc6 48. Ke3 Rc8 49. Kf3 Ra8 50. Ke3 Re8+ 51. Kf3 Rb8 52. Nxc5 Rb4 53. Ne4 a4 54. Nd6+ Ke6 55. Nb5 Rb3 56. Ke4 Rb1 57. Nc3 1-0

[Event "Early-Titled-Tuesday-Blitz-July-09-2024"]
[Site "Chess.com"]
[Date "2024.07.09"]
[Round "3"]
[White "hakanazeri2"]
[Black "Igor_Janik"]
[Result "1-0"]
[WhiteElo "2626"]
[BlackElo "2877"]
[TimeControl "180+1"]
[EndTime "8:30:43 PDT"]
[Termination "hakanazeri2 won by resignation"]

1. e4 c6 2. d4 d5 3. Nc3 a6 4.
a4 dxe4 5. Nxe4 Bf5 6. Ng3 Bg6 7. Nf3 e6 8. h4 h6 9. Bd3 Bxd3 10. Qxd3 Nd7 11. a5 Ngf6 12. O-O Bd6 13. Ne4 Nxe4 14. Qxe4 Nf6 15. Qe2 Qc7 16. c3 Rd8 17. g3 c5 18.
Kg2 Qc6 19. dxc5 Bxc5 20. Qc4 O-O 21. b4 Ba7 22. Qxc6 bxc6 23. Ne5 Rc8 24. Rd1 Nd5 25. Bd2 Rfd8 26. c4 Bd4 27. Nxc6 Rxc6 28. cxd5 Rxd5 29. Rac1 Rxc1 30. Bxc1 Kf8 31. Be3 e5 32. Kf3 f5 33. Bxd4 exd4 34. Rc1 d3 35. Ke3 Ke7 36. Rc5 Rd6 37. Kd2 g6 38. h5 Kf6 39. b5 axb5 40. Rxb5 Kg5 41. hxg6 Rxg6 42.
Kxd3 Rd6+ 43. Ke3 Rd1 44. Kf3 Ra1 45. Rc5 Ra3+ 46. Kg2 h5 47. Kh3 Rf3 48. a6 Ra3 49. f4+ Kg6 50. Rc6+ Kf7 51. Kh4 Ke7 52. Rh6 Kf7 53.
Rxh5 Kg6 54. Rg5+ Kf6 55. Kh5 Ra1 56. Rg6+ Kf7 57. Kg5 Ra3 58. Rf6+ Ke7 59. Kxf5 Rxg3 60. Rb6 Ra3 61. Rb7+ Kd6 62. a7 1-0

[Event "Early-Titled-Tuesday-Blitz-July-09-2024"]
[Site "Chess.com"]
[Date "2024.07.09"]
[Round "3"]
[White "evgchess5"]
[Black "GilbertoHernandezAmura"]
[Result "1-0"]
[WhiteElo "2858"]
[BlackElo "2510"]
[TimeControl "180+1"]
[EndTime "8:30:43 PDT"]
[Termination "evgchess5 won by resignation"]

1. e4 e5 2. Nf3 Nc6 3. Bc4 Bc5 4. c3 d6 5. O-O h6 6. d4 exd4 7. cxd4 Bb6 8. h3 Nf6 9. Nc3 O-O 10. d5 Ne5 11.
Nxe5 dxe5 12. Qf3 c6 13. dxc6 bxc6 14. Rd1 Qe7 15. Be3 Be6 16. Bxe6 Qxe6 17. b3 Rfd8 18. Na4 Bd4 19. Rac1 Rac8 20. Bxd4 exd4 21. Nc5 Qe5 22.
Re1 Nd7 23. Nd3 Qa5 24. Re2 Ne5 25. Nxe5 Qxe5 26. Qd3 c5 27. Rec2 Re8 28. f3 Re7 29. Rc4 Rec7 30. Qd2 g5 31. Kf2 Kg7 32. Qc2 a5 33.
Qd2 f5 34. exf5 Qxf5 35. Qxa5 Qf4 36. Qe1 Kf7 37. Qe4 Qd2+ 38. Kg1 Qxa2 39. b4 Re8 40. Qd5+ Kg7 41. bxc5 Rce7 42. Qxd4+ Kg8 43. c6 Re2 44. Qg4 Re1+ 45. Kh2 Qf2 46. Rxe1 Rxe1 47. Qd4 Qxd4 48. Rxd4 Rc1 49. Rd6 Kg7 50. Kg3 h5 51. h4 gxh4+ 52. Kxh4 Rc5 53. Kg3 Kf7 54. Kf4 Ke7 55. Rh6 Kf7 56.
g4 hxg4 57. fxg4 Kg7 58. Rd6 Kf7 59. g5 Ke7 60. Rh6 Rc4+ 61. Kf5 Rc5+ 62. Kg4 Kf7 63. Rf6+ Kg7 64. Kh5 Rc4 65. Rd6 Rc5 66. Rd7+ Kf8 67. c7 1-0

[Event "Early-Titled-Tuesday-Blitz-July-09-2024"]
[Site "Chess.com"]
[Date "2024.07.09"]
[Round "3"]
[White "FMalexhdez"]
[Black "masterofpuppets2"]
[Result "1/2-1/2"]
[WhiteElo "2278"]
[BlackElo "2463"]
[TimeControl "180+1"]
[EndTime "8:30:46 PDT"]
[Termination "Game drawn - insufficient material"]

1. e4 c6 2. d4 d5 3. exd5 cxd5 4. Bd3 Nc6 5. c3 Qc7 6. Ne2 Bg4 7. f3 Bh5 8. Bf4 Qd7 9. O-O e6 10. Re1 Bd6 11. Bxd6 Qxd6 12. Ng3 Bg6 13. Nf5 Bxf5 14. Bxf5 Nf6 15. Bd3 O-O 16. Nd2 Nh5 17. Bf1 Nf4 18. g3 Ng6 19. f4 Nge7 20. Nf3 Nf5 21. Bd3 Nce7 22. Qd2 Rfe8 23. Re2 Nh6 24. Rf1 Ng4 25. h3 Nf6 26. Ne5 Nf5 27. g4 Nh4 28. Qe1 Ng6 29. Qg3 Rad8 30. h4 Nf8 31. h5 N6d7 32. g5 Qe7 33. Rg2 g6 34. Ng4 Kh8 35. Qh4 a6 36. Rh2 b5 37. Nf6 Rc8 38. Nxh7 Nxh7 39. hxg6 fxg6 40.
Bxg6 Nf8 41. Bxe8 Rxe8 42. Qh6 Qg7 43. Kh1 Kg8 44. Rg1 Ng6 45. Rf1 Rf8 46. Qxg7+ Kxg7 47. Re2 Nxf4 48. Ref2 Ng6 49. b3 Nxg5 50. Rxf8 Nxf8 51.
a4 Ne4 52. axb5 axb5 53. Rc1 Kf6 54. c4 bxc4 55. bxc4 dxc4 56. Rxc4 Ng6 57. Kg2 Nf4+ 58. Kf3 Kf5 59. Ra4 Nd5 60. Ra5 Ng5+ 61. Ke2 Ke4 62. Kd2 Nf3+ 63. Kc2 Nxd4+ 64. Kb2 e5 65. Ra4 Ne3 66.
Kc3 Nd1+ 67. Kd2 Nf2 68. Ra5 Ng4 69. Rxe5+ Nxe5 1/2-1/2

[Event "Early-Titled-Tuesday-Blitz-July-09-2024"]
[Site "Chess.com"]
[Date "2024.07.09"]
[Round "3"]
[White "noblerone"]
[Black "Chessbard1972"]
[Result "0-1"]
[WhiteElo "2525"]
[BlackElo "2211"]
[TimeControl "180+1"]
[EndTime "8:30:48 PDT"]
[Termination "Chessbard1972 won on time"]

1. d4 Nf6 2. Nf3 g6 3. Bg5 Ne4 4. Bf4 Bg7 5. Nbd2 d5 6. c4 c6 7. e3 O-O 8. Be2 Bf5 9. O-O a6 10. Qb3 b5 11. cxd5 cxd5 12. Rfc1 e6 13. Nxe4 Bxe4 14.
Bc7 Qe7 15. Ne5 f6 16. Nd3 Nd7 17. Nc5 Nxc5 18. Rxc5 g5 19. Rac1 Rac8 20. a4 bxa4 21. Qxa4 Qe8 22. Qxe8 Rfxe8 23. Bxa6 Ra8 24. Bb5 Re7 25.
b4 e5 26. Bd6 Rea7 27. f3 Bg6 28. Bc6 Rd8 29. Bxd5+ Bf7 30. Rc8 Rd7 31. dxe5 Bxd5 32. Rxd8+ Rxd8 33. e4 Be6 34. Rc5 fxe5 35. Bxe5 Rd1+ 36.
Kf2 h6 37. Bxg7 Kxg7 38. Rc6 Kf7 39. b5 Rb1 40. Rb6 Ke7 41. Kg3 Rb2 42. Rb7+ Kf6 43. Rb6 Ke5 44. Rb8 h5 45. h3 h4+ 46. Kh2 Bc4 47.
Re8+ Kd4 48. Rd8+ Ke3 49. Rd1 Bxb5 50. Re1+ Kf4 51. e5 Be8 52. e6 Kf5 53. e7 Kf6 54.
Re4 Rb7 55. f4 Kf5 56. Rd4 Rxe7 57. fxg5 Kxg5 58. Rg4+ Kh5 59. Rd4 Rg7 60. g4+ Kg5 61. Rd5+ Kf4 62. Rf5+ Ke3 63. Rf1 Bc6 0-1

[Event "Early-Titled-Tuesday-Blitz-July-09-2024"]
[Site "Chess.com"]
[Date "2024.07.09"]
[Round "3"]
[White "whitemirrorninja"]
[Black "lu1860"]
[Result "1-0"]
[WhiteElo "2534"]
[BlackElo "2042"]
[TimeControl "180+1"]
[EndTime "8:30:48 PDT"]
[Termination "whitemirrorninja won by resignation"]

1. c4 c6 2. d4 d5 3. e3 Nf6 4. Nf3 Bf5 5. Qb3 Qb6 6. Qxb6 axb6 7.
cxd5 Nxd5 8. Bd2 e6 9. Be2 Nb4 10. Bxb4 Bxb4+ 11. Nbd2 Nd7 12. a3 h6 13. O-O Be7 14. Ne1 b5 15. Bd3 Bxd3 16. Nxd3 O-O 17. Rac1 Nb6 18. Rc2 Na4 19. Rfc1 Rfd8 20. Kf1 Nb6 21. Ke2 Ra4 22. Ne4 Ra7 23. g3 Nc4 24. Nd2 Nb6 25. h4 f6 26. h5 Kf7 27. Nf4 b4 28. axb4 Bxb4 29. Ne4 Nd5 30. Nd3 Ke7 31. g4 Bd6 32. f4 Ra2 33. f5 Rda8 34. fxe6 R8a7 35. Nc3 Nxc3+ 36. bxc3 Kxe6 37. Kf3 Rxc2 38. Rxc2 Ra1 39. Ke4 b5 40. c4 bxc4 41. Rxc4 Kd7 42. Kf5 Rg1 43. Nf4 Bxf4 44. exf4 Kd6 45. Rc5 Kd7 46.
d5 cxd5 47. Rxd5+ Ke7 48. Ra5 Kf8 49. Ra8+ Kf7 50. Rb8 Ra1 51. Rb7+ Kf8 52. Kg6 Rg1 53. Rf7+ Ke8 54. Rxg7 Rxg4+ 55. Kxh6 Rxf4 56. Kg6 Rh4 57. h6 f5 58. h7 f4 59. Rg8+ Ke7 60. h8=Q Rxh8 61. Rxh8 Ke6 62. Rh5 1-0

[Event "Early-Titled-Tuesday-Blitz-July-09-2024"]
[Site "Chess.com"]
[Date "2024.07.09"]
[Round "3"]
[White "subham777"]
[Black "FM_Kappeler"]
[Result "1-0"]
[WhiteElo "2554"]
[BlackElo "2284"]
[TimeControl "180+1"]
[EndTime "8:30:49 PDT"]
[Termination "subham777 won by resignation"]

1. e4 c5 2. Nf3 e6 3. g3 Nc6 4.
Bg2 d5 5. exd5 exd5 6. O-O Nf6 7. Re1+ Be7 8. d4 O-O 9. h3 Be6 10. dxc5 Bxc5 11. Nbd2 Qb6 12. Qe2 Rfe8 13. Qf1 Nb4 14. Nb3 Nxc2 15. Nxc5 Qxc5 16. Be3 Qd6 17. Bf4 Qd8 18. Rac1 Nxe1 19. Rxe1 Rc8 20. Nd4 Qd7 21.
Rd1 a6 22. Kh2 h6 23. Qd3 Ne4 24. Be3 Nc5 25. Qd2 Bf5 26. Nxf5 Qxf5 27. Bxd5 b6 28. Bg2 a5 29. Qd6 Qe6 30. Qxe6 Rxe6 31. b3 Ree8 32. Rd6 Re6 33. Rd1 Kf8 34. h4 Ke7 35. Bh3 Rcc6 36. Bxe6 Nxe6 37. Rd5 Rd6 38. Rb5 Nc5 39. Bxc5 bxc5 40.
Rxc5 Rd2 41. Rxa5 Rxf2+ 42. Kh3 h5 43. b4 g6 44. a4 Kd6 45. Ra7 Kc6 46. b5+ Kb6 47.
Ra6+ Kb7 48. Rd6 Ka7 49. a5 Kb7 50. Rd7+ Kb8 51. Re7 Rf6 52. b6 Ka8 53. Kg2 Kb8 54. Kh3 Ka8 55. g4 hxg4+ 56. Kxg4 Kb8 57. Kg5 Rf5+ 58. Kg4 Rxa5 59. Rxf7 Rb5 60. Rf6 Kb7 61. Rxg6 Rxb6 62. Rxb6+ Kxb6 63. h5 Kc6 64. h6 Kd6 65.
h7 Ke6 66. h8=Q Kf7 67. Qh6 1-0

[Event "Early-Titled-Tuesday-Blitz-July-09-2024"]
[Site "Chess.com"]
[Date "2024.07.09"]
[Round "3"]
[White "honestgames"]
[Black "FARIZA2018"]
[Result "0-1"]
[WhiteElo "2846"]
[BlackElo "2640"]
[TimeControl "180+1"]
[EndTime "8:30:51 PDT"]
[Termination "FARIZA2018 won on time"]

1. e4 e5 2. Nf3 Nc6 3. Nc3 Nf6 4. d4 exd4 5. Nxd4 Bb4 6. Nxc6 bxc6 7. Bd3 O-O 8. O-O d5 9. exd5 cxd5 10. h3 Rb8 11.
Be3 c5 12. a3 Bxc3 13. bxc3 c4 14. Be2 a5 15. Qd4 Bf5 16. Rfc1 Rb2 17. Qd1 Ne4 18.
Bd4 Qg5 19. Kh1 Rfb8 20. Bf3 h6 21. Qe1 Qg6 22. Qe3 Rd8 23. Qf4 Ng5 24. Rab1 Rxb1 25. Rxb1 Bxc2 26. Rb8 Rxb8 27. Qxb8+ Kh7 28. Bxd5 Be4 29.
Qe5 f6 30. Bxe4 Nxe4 31. Qd5 Nd2 32. Kh2 Qb1 33. h4 Nf1+ 34. Kh3 Qd3+ 35. f3 Nd2 36.
h5 Qf1 37. Qf5+ Kh8 38. Kh2 Qe2 39. Bxf6 gxf6 40. Qxf6+ Kh7 41. Qg6+ Kh8 42. Qxh6+ Kg8 43. Qg6+ Kf8 44. Qf6+ Ke8 45. h6 Nf1+ 46. Kh3 Ne3 47. h7 Qxg2+ 48. Kh4 Qh2+ 49. Kg5 Qxh7 50. Qe5+ Qe7+ 51.
Kf4 Qxe5+ 52. Kxe5 Nd1 53. Kd4 Nb2 54. Kc5 Kf7 55. Kb5 a4 56. Kc5 Kf6 57. Kd4 Kf5 58.
Ke3 Ke5 0-1

[Event "Early-Titled-Tuesday-Blitz-July-09-2024"]
[Site "Chess.com"]
[Date "2024.07.09"]
[Round "3"]
[White "Boundless_Strike"]
[Black "MusicCityMaster"]
[Result "1-0"]
[WhiteElo "2783"]
[BlackElo "2501"]
[TimeControl "180+1"]
[EndTime "8:30:52 PDT"]
[Termination "Boundless_Strike won by resignation"]

1. d4 Nf6 2. Nc3 d5 3. e4 e6 4. Be3 Bb4 5. f3 O-O 6. a3 Bxc3+ 7. bxc3 dxe4 8. fxe4 Nxe4 9. Bd3 f5 10. Ne2 b6 11. O-O Bb7 12. Nf4 Qd6 13. Qe1 Nd7 14. a4 a5 15. c4 Ndf6 16. h3 e5 17. c5 bxc5 18. Bc4+ Kh8 19. dxe5 Qxe5 20. Qh4 Qe8 21.
Ne6 Nd6 22. Bxc5 Nxc4 23. Nxf8 Qe2 24. Rf2 Qe4 25. Ng6+ Kg8 26. Ne7+ Kf7 27. Nxf5 Qxh4 28. Nxh4 Re8 29. Nf3 h6 30. Bd4 Ne4 31. Ng5+ Kg6 32.
Nxe4 Rxe4 33. c3 Ne5 34. Raf1 Nd3 35. Rf7 Ne5 36. R7f4 Rxf4 37. Rxf4 Nd3 38. Rf8 Bd5 39. Rc8 c6 40. Rc7 Nb2 41. Rxg7+ Kf5 42. Ra7 Nxa4 43. Rxa5 Nb2 44. Ra7 Nc4 45. Rh7 Ke4 46.
Rxh6 Kd3 47. Rg6 Nd2 48. Rg3+ Kc2 49. h4 Ne4 50. Re3 c5 51. Be5 c4 52. h5 Kd2 53. Rh3 Nc5 54. Bd4 Nb3 55. Bg7 Be4 56. h6 Bd3 57. h7 Bxh7 58. Rxh7 Nc5 59. Rh4 Nd3 60. Rxc4 Ne1 61. Rd4+ Ke3 62. Rd1 Nd3 63. Rxd3+ Kxd3 64. Kh2 Ke4 65. Bd4 Kf4 66. Kg1 Ke4 67.
Kf2 Kf4 68. g3+ Kg4 69. Kg2 Kf5 70. Kf3 Kg5 71. g4 Kg6 72. Kg3 Kg5 73. c4 Kg6 74. c5 1-0

[Event "Early-Titled-Tuesday-Blitz-July-09-2024"]
[Site "Chess.com"]
[Date "2024.07.09"]
[Round "3"]
[White "GMG"]
[Black "ketster"]
[Result "1/2-1/2"]
[WhiteElo "2821"]
[BlackElo "2586"]
[TimeControl "180+1"]
[EndTime "8:30:54 PDT"]
[Termination "Game drawn - insufficient material"]

1. d4 d5 2. Nf3 Nf6 3. g3 e6 4. c4 Bb4+ 5. Nc3 dxc4 6. Bg2 Bd7 7. Ne5 Bc6 8. Nxc6 Nxc6 9. O-O O-O 10. a3 Be7 11. e3 Na5 12. Bd2 c6 13. Qc2 b5 14.
Rad1 Rc8 15. Ne4 Nb3 16. Bc3 Nd5 17. Be1 Qb6 18. h4 h6 19. Nc3 Nf6 20. f3 Rfd8 21. Bf2 c5 22. Ne2 cxd4 23. Nxd4 Nxd4 24. exd4 Nd5 25. f4 a5 26. f5 b4 27. fxe6 Qxe6 28.
Rfe1 Qf6 29. axb4 Nxb4 30. Qe4 Nd3 31. Rf1 Bd6 32. b3 Nxf2 33. Rxf2 Qe6 34. Qxe6 fxe6 35. Bh3 Bxg3 36. Rg2 Bxh4 37. Bxe6+ Kh7 38. bxc4 Rc6 39. Bf5+ Kh8 40. Rc2 Bf6 41. d5 Rc5 42. Be6 a4 43. Rd3 Ra8 44. Ra3 Raa5 45. d6 Rc6 46. Rd2 Ra8 47.
Rdd3 Rd8 48. Rxa4 Rcxd6 49. Rxd6 Rxd6 50. Ra8+ Kh7 51. Bf5+ g6 52. Ra7+ Bg7 53. Be4 Rd1+ 54. Kg2 Rd4 55. Bd5 h5 56. Ra6 h4 57. Bf7 Rg4+ 58. Kh3 Rg5 59. Kxh4 Bh6 60. c5 Kg7 61.
Ra7 Rxc5 62. Be8+ Kf6 63. Ra6+ Kg7 64. Rxg6+ Kh7 65. Rg4 Rg5 66. Rxg5 Bxg5+ 1/2-1/2

[Event "Early-Titled-Tuesday-Blitz-July-09-2024"]
[Site "Chess.com"]
[Date "2024.07.09"]
[Round "3"]
[White "Bykov_Egor"]
[Black "wild3000"]
[Result "1-0"]
[WhiteElo "2681"]
[BlackElo "2461"]
[TimeControl "180+1"]
[EndTime "8:30:56 PDT"]
[Termination "Bykov_Egor won on time"]

1. Nf3 d5 2. g3 Nf6 3. Bg2 g6 4.
O-O Bg7 5. d4 O-O 6. c4 c6 7.
Qb3 Qb6 8. Nc3 Qxb3 9. axb3 Be6 10. Ng5 Nbd7 11. Nxe6 fxe6 12. Rd1 Ne8 13. Bh3 Kf7 14. cxd5 exd5 15. Bxd7 Nd6 16. Bh3 e6 17. Bf4 Nf5 18. Bxf5 gxf5 19. Be5 Bxe5 20. dxe5 Ke7 21. b4 Kd7 22. Rd4 a6 23. Na4 Kc7 24. Rh4 Rf7 25.
Rh6 Re8 26. Nc5 Rfe7 27. Rd1 Kb6 28. Rd4 Kb5 29. Rdh4 b6 30. Nb3 c5 31. bxc5 bxc5 32. Rxh7 Rxh7 33. Rxh7 Kc4 34. Nd2+ Kd4 35. Nf3+ Kc4 36.
Rb7 a5 37. h4 a4 38. Kf1 d4 39. Nd2+ Kd5 40. Rd7+ Kxe5 41. Rd6 Kxd6 42. e4 fxe4 43. Nxe4+ Kc6 44. h5 Rb8 45. h6 Rxb2 46. g4 a3 47. h7 Rb1+ 48. Kg2 Rb8 49. g5 a2 50.
g6 a1=Q 51. g7 Qa8 52. Nf6 c4 53. g8=Q Rxg8+ 54. Nxg8 c3 55. h8=Q Kc5+ 56. Kg3 Qe4 57. Ne7 c2 58. Qc8+ Kd6 59. Qd8+ Kc5 60. Qc7+ Kb4 61. Nc6+ Ka3 62. Qa5+ Kb2 63. Qb4+ Kc1 64. Nxd4 1-0

[Event "Early-Titled-Tuesday-Blitz-July-09-2024"]
[Site "Chess.com"]
[Date "2024.07.09"]
[Round "3"]
[White "jumpingknight20"]
[Black "Hikaru"]
[Result "0-1"]
[WhiteElo "2779"]
[BlackElo "3232"]
[TimeControl "180+1"]
[EndTime "8:30:58 PDT"]
[Termination "Hikaru won by resignation"]

1. e4 g6 2. d4 c6 3. Nc3 d5 4. h3 dxe4 5. Nxe4 Bg7 6. Nf3 Nf6 7.
Nxf6+ exf6 8. Bc4 O-O 9. O-O b5 10. Bb3 Nd7 11. Re1 Nb6 12. c3 a5 13. a4 Bf5 14. Bf4 Qd7 15. Qd2 g5 16. Bg3 h6 17.
Re2 Be6 18. Bxe6 fxe6 19. axb5 cxb5 20. Rae1 Rfe8 21. Qd3 a4 22. Nd2 f5 23. Be5 Bf8 24. h4 Nd5 25. Nf3 g4 26. Nd2 a3 27. bxa3 Rxa3 28.
Nb1 Ra1 29. c4 bxc4 30. Qxc4 Rc8 31. Qd3 Bb4 32. Rf1 Qc6 33. Nd2 Rxf1+ 34. Nxf1 Qc4 35. Qxc4 Rxc4 36. Rb2 Rc1 37. g3 Be7 38. Kg2 Rc3 39.
Rb7 Kf8 40. Nd2 h5 41. Rb8+ Kf7 42. Rh8 Nf6 43. Bxf6 Bxf6 44. Rh7+ Kg6 45. Rd7 Rd3 46. Nf1 Rxd4 47. Rxd4 Bxd4 48. Nd2 Bc5 49. f3 e5 50. Kf1 Kf6 51. Ke2 Ke6 52. Kf1 Kd5 53. Ke2 Bd6 54. Kd3 gxf3 55. Ke3 e4 56. Kf2 Bc5+ 57. Kf1 Bb6 58. Nb3 e3 59. Nc1 Ke4 60. Ke1 Ba5+ 61. Kf1 e2+ 62. Nxe2 fxe2+ 63. Kxe2 Bc7 64. Kf2 Bd6 65.
Kg2 Ke3 66. Kh3 Kf3 67. Kh2 Bxg3+ 68. Kh3 Bxh4 0-1

[Event "Early-Titled-Tuesday-Blitz-July-09-2024"]
[Site "Chess.com"]
[Date "2024.07.09"]
[Round "3"]
[White "Cxrjs"]
[Black "Nemegejas"]
[Result "0-1"]
[WhiteElo "2520"]
[BlackElo "2937"]
[TimeControl "180+1"]
[EndTime "8:31:00 PDT"]
[Termination "Nemegejas won by resignation"]

1. e4 c5 2. Nf3 e6 3. d4 cxd4 4. Nxd4 a6 5. Nc3 b5 6. a3 Bb7 7. Be2 Nf6 8. e5 Nd5 9. Nxd5 Bxd5 10. Bf3 Bxf3 11. Qxf3 Ra7 12. O-O Bc5 13. Nb3 Rc7 14. Qg3 Bf8 15. c3 Nc6 16. a4 b4 17. Be3 Qb8 18.
Nd2 Ne7 19. cxb4 Nf5 20. Qf3 Bxb4 21. Ne4 O-O 22. Bf4 Rc2 23. Qg4 Qb7 24. Nf6+ Kh8 25. Bg5 h6 26. Qh5 Be7 27. g4 Qf3 28. gxf5 Qxh5 29. Nxh5 Bxg5 30. f6 gxf6 31. exf6 Rg8 32. Kh1 Rxb2 33. f4 Bh4 34. Rg1 Rg6 35. Rac1 Rb8 36.
Rc7 Bf2 37. Rxg6 fxg6 38. Rxd7 gxh5 39. Re7 Rg8 40. h4 Bxh4 41. Rxe6 Rf8 42. f7 Kg7 43. f5 Rxf7 44. Rg6+ Kh7 45. Rxa6 Rxf5 46. Kg2 Bf6 47. Ra7+ Kg6 48. a5 Rf4 49. Ra8 Ra4 50. a6 Bg7 51. a7 h4 52. Kh2 Ra3 53. Kg2 h5 54. Kf2 h3 55. Kg1 Ra2 56. Kh1 h2 57. Rb8 Ra1+ 58. Kxh2 Rxa7 59. Rb6+ Bf6 60. Kh3 Ra3+ 61. Kg2 Kf5 62. Rb5+ Be5 63. Rb7 h4 64. Rh7 Kg4 65. Rh6 h3+ 66. Kf1 Ra1+ 67. Kf2 h2 68. Kg2 Rg1+ 69. Kf2 h1=Q 0-1

[Event "Early-Titled-Tuesday-Blitz-July-09-2024"]
[Site "Chess.com"]
[Date "2024.07.09"]
[Round "3"]
[White "MetiForce"]
[Black "JoJoZP"]
[Result "1-0"]
[WhiteElo "2837"]
[BlackElo "2502"]
[TimeControl "180+1"]
[EndTime "8:31:01 PDT"]
[Termination "MetiForce won by resignation"]

1. e4 c5 2. Nf3 d6 3. d4 cxd4 4. Nxd4 Nf6 5. Nc3 a6 6. Bg5 Nbd7 7. Qe2 h6 8. Bh4 e6 9. O-O-O b5 10. f4 g5 11.
fxg5 hxg5 12. Bxg5 Bb7 13. a3 Be7 14. h4 Rc8 15.
Rh3 Rxc3 16. Rxc3 Nxe4 17. Rh3 Bxg5+ 18. hxg5 Rxh3 19. gxh3 Qxg5+ 20. Kb1 Ne5 21. Ka1 Nc4 22. Bg2 Ng3 23. Qf2 Ne3 24. Rg1 Nxg2 25. Rxg2 Bxg2 26.
Qxg2 Qf4 27. Qa8+ Ke7 28. Nc6+ Kf6 29. Qh8+ Kf5 30. Qh7+ Kf6 31. h4 Qf1+ 32. Ka2 Qc4+ 33. Kb1 Qxc6 34. Qh6+ Ke5 35. Qg7+ Kf4 36. Qxf7+ Nf5 37.
Qxe6 Qh1+ 38. Ka2 Qxh4 39. c4 Qh6 40. Qe2 bxc4 41. Qxc4+ Ke5 42. Qxa6 Qe6+ 43. Kb1 Qd5 44. Qa7 Qd1+ 45. Ka2 Qd5+ 46. b3 Nd4 47. Qg7+ Ke4 48. Qg2+ Ke5 49. Qg5+ Ke6 50. Qg8+ Ke5 51. Qg5+ Nf5 52.
a4 Qc5 53. Qg2 Qb4 54. Qh2+ Ke6 55. Qe2+ Kf6 56. Qh2 d5 57. Qh8+ Ke6 58. Qg8+ Ke5 59. Qh8+ Ke4 60. Qh1+ Kd4 61. Qg1+ Kc3 62. Qe1+ Kc2 63.
Qxb4 1-0